Map: Vaani Research Station (Void)

Players

Classic - Winner!

  • Race: Protoss Protoss
  • League: Grandmaster
  • Spawn Location: 6:00

soO

  • Race: Zerg Zerg
  • League: Grandmaster
  • Spawn Location: 12:00

Event: Polygon Gaming Invitational 7

VOD

Have the link to the VOD?

Description

Time

  • Played on: Jan. 14, 2017, 1:15 p.m.
  • Length: 9:03

All games in this series

Show
View Real Time Build Order
Export as new Build Order

Classic Protoss - Winner!

Build Orders: 1 Gate Expand, Oracle Opening 

Get SALT Encoding   

  12  0:00  Probe (Chrono Boost)  
  13  0:11  Probe (Chrono Boost)  
  14  0:19  Pylon  
  14  0:22  Probe (Chrono Boost)  
  15  0:37  Probe (Chrono Boost), Gateway  
  16  0:44  Assimilator  
  16  0:48  Probe (Chrono Boost)  
  17  0:58  Probe (Chrono Boost)  
  18  1:09  Probe (Chrono Boost)  
  19  1:19  Probe (Chrono Boost)  
  19  1:24  Cybernetics Core  
  21  1:37  Nexus  
  20  1:43  Pylon  
  20  1:46  Probe (Chrono Boost)  
  21  1:51  Assimilator  
  21  1:57  Probe (Chrono Boost)  
  21  1:58  Adept  
  25  2:09  Probe (Chrono Boost)  
  25  2:20  Stargate  
  26  2:23  Adept, Probe (Chrono Boost)  
  28  2:34  Warp Gate  
  28  2:35  Probe (Chrono Boost)  
  29  2:47  Probe (Chrono Boost)  
  29  2:48  Adept  
  29  2:49  Probe (Chrono Boost)  
  34  2:59  Probe x2 (Chrono Boost)  
  34  3:02  Oracle  
  35  3:12  Probe (Chrono Boost)  
  40  3:13  Probe (Chrono Boost)  
  38  3:20  Adept  
  38  3:23  Probe (Chrono Boost)  
  38  3:24  Pylon  
  38  3:26  Probe (Chrono Boost)  
  42  3:33  Probe (Chrono Boost)  
  43  3:38  Probe (Chrono Boost)  
  44  3:47  Adept  
  46  3:50  Probe (Chrono Boost)  
  46  3:51  Probe (Chrono Boost)  
  46  3:53  Oracle  
  48  3:56  Gateway  
  48  3:57  Gateway  
  48  4:00  Probe (Chrono Boost)  
  51  4:03  Probe (Chrono Boost)  
  51  4:08  Pylon  
  51  4:11  Probe (Chrono Boost)  
  51  4:15  Probe (Chrono Boost)  
  53  4:22  Probe (Chrono Boost)  
  54  4:25  Pylon  
  54  4:31  Assimilator  
  54  4:32  Assimilator  
  54  4:35  Mothership Core (Chrono Boost), Pylon  
  55  4:45  Pylon  
  55  4:49  Adept  
  55  4:50  Adept  
  58  4:53  Probe (Chrono Boost)  
  58  4:54  Probe (Chrono Boost), Pylon  
  58  4:57  Twilight Council  
  59  5:05  Forge  
  59  5:09  Nexus  
  59  5:11  Pylon  
  59  5:15  Adept x2, Sentry  
  59  5:17  Probe (Chrono Boost)  
  59  5:21  Probe (Chrono Boost)  
  67  5:27  Robotics Facility  
  67  5:29  Protoss Ground Weapons Level 1  
  67  5:39  Stalker  
  67  5:40  Stalker x2  
  67  5:41  Blink  
  67  6:00  Gateway  
  67  6:02  Gateway  
  61  6:10  Sentry  
  61  6:11  Sentry  
  62  6:17  Gateway  
  62  6:20  Gateway x2  
  62  6:21  Sentry  
  62  6:24  Warp Prism  
  64  6:27  Probe (Chrono Boost)  
  64  6:28  Probe x2 (Chrono Boost)  
  69  6:33  Pylon  
  72  6:40  Probe x3 (Chrono Boost)  
  72  6:50  Sentry x2  
  72  6:52  Probe x3 (Chrono Boost)  
  79  6:58  Stalker x3  
  79  7:01  Observer  
  85  7:02  Pylon  
  85  7:06  Probe x2 (Chrono Boost)  
  88  7:10  Probe (Chrono Boost)  
  89  7:20  Stalker x4  
  98  7:23  Probe (Chrono Boost)  
  98  7:27  Stalker x2  
  102  7:32  Stalker  
  102  7:49  Probe x2 (Chrono Boost)  
  102  7:50  Probe (Chrono Boost)  
  105  7:54  Stalker x6  
  105  7:56  Zealot  
  119  7:58  Stalker  
  119  8:03  Pylon  
  121  8:07  Pylon  
  119  8:28  Stalker x6  
  117  8:34  Stalker x7  
  117  8:35  Zealot  
Show
View Real Time Build Order
Export as new Build Order

soO Zerg 

Build Orders: 3 Hatch before Pool 

Get SALT Encoding   

  12  0:00  Drone  
  13  0:12  Overlord  
  13  0:17  Drone  
  14  0:31  Drone x2  
  16  0:35  Drone  
  17  0:52  Hatchery  
  17  0:55  Drone  
  17  0:58  Drone  
  18  1:19  Hatchery  
  18  1:21  Drone  
  18  1:35  Spawning Pool  
  18  1:38  Drone  
  18  1:40  Extractor  
  18  1:44  Drone  
  18  1:48  Drone  
  18  1:51  Drone  
  20  2:00  Drone  
  21  2:04  Drone  
  22  2:10  Drone  
  23  2:15  Drone  
  23  2:21  Queen  
  26  2:27  Queen  
  28  2:32  Queen  
  30  2:37  Drone  
  30  2:42  Metabolic Boost  
  30  2:44  Drone  
  32  2:46  Drone  
  32  2:48  Drone  
  34  2:53  Overlord  
  33  3:04  Zergling x2  
  34  3:07  Zergling x2  
  33  3:14  Drone x5  
  33  3:16  Drone  
  38  3:20  Drone  
  38  3:22  Drone  
  38  3:26  Spore Crawler  
  39  3:32  Zergling x4  
  40  3:35  Zergling x2  
  40  3:37  Spore Crawler  
  39  3:43  Spore Crawler  
  39  3:45  Drone x3  
  41  3:54  Spore Crawler  
  41  4:00  Overlord, Drone x2  
  39  4:05  Drone x2  
  39  4:09  Drone x3  
  42  4:13  Drone  
  40  4:17  Drone  
  40  4:19  Drone  
  40  4:23  Drone  
  40  4:30  Drone x3  
  43  4:39  Zergling x8  
  43  4:43  Spore Crawler  
  45  4:47  Drone x2  
  45  4:48  Drone  
  45  4:51  Drone x2  
  50  4:55  Evolution Chamber  
  50  4:56  Overlord  
  49  5:02  Overlord  
  49  5:03  Drone  
  49  5:07  Baneling Nest  
  49  5:10  Drone  
  49  5:14  Queen  
  49  5:17  Drone x2  
  49  5:18  Drone x3  
  56  5:24  Zergling x2  
  56  5:25  Zergling x8  
  56  5:39  Drone  
  56  5:40  Drone x7  
  61  5:46  Spore Crawler  
  61  5:49  Drone x3  
  62  5:53  Drone x3  
  62  5:56  Drone x2  
  61  6:00  Drone x3  
  63  6:06  Drone x2  
  63  6:07  Drone  
  63  6:09  Drone  
  63  6:11  Drone x2  
  65  6:20  Lair  
  65  6:22  Drone  
  65  6:23  Overlord  
  65  6:24  Extractor  
  65  6:25  Extractor x2, Overlord  
  64  6:27  Extractor  
  62  6:34  Drone  
  62  6:35  Drone  
  62  6:36  Drone x2  
  62  6:38  Overlord  
  66  6:41  Overlord  
  66  6:43  Drone x3  
  66  6:46  Drone  
  66  6:47  Drone x3  
  70  6:56  Drone x4  
  70  6:57  Roach Warren  
  70  6:59  Drone x3  
  76  7:01  Zergling x4  
  78  7:16  Zergling x2  
  78  7:17  Zergling x14  
  86  7:28  Drone  
  87  7:30  Drone  
  87  7:31  Hydralisk Den  
  87  7:33  Hatchery  
  85  7:43  Roach x3  
  85  7:44  Overlord  
  89  7:46  Overlord  
  89  7:47  Overlord  
  88  7:52  Roach  
  88  7:53  Overlord  
  88  7:55  Overlord  
  88  7:57  Baneling  
  88  7:58  Baneling x3  
  89  8:02  Baneling x2  
  89  8:04  Ravager x3  
  94  8:05  Roach  
  94  8:06  Roach x8  
  104  8:31  Zergling x8, Roach x2  
  92  8:34  Roach  
  92  8:37  Roach  
  92  8:39  Roach  
Tags
 
Add a new tag
Caveats
  • Supply blocks, unpowered buildings, or Contaminate may cause inaccurate times.
  • Supply counts are checked every 10 seconds.